 Dungeon Crawl Stone Soup version 0.29.1-4-g47bece8355 (webtiles) character file.

Game seed: 6484583070887547566

13458 p00ps00p the Cleaver (level 12, -4/112 HPs)
             Began as a Hill Orc Fighter on Dec 2, 2022.
             Was an Initiate of Gozag.
             Slain by a freezing wraith (10 damage)
             ... on level 11 of the Dungeon.
             The game lasted 00:28:53 (16595 turns).

p00ps00p the Cleaver (Hill Orc Fighter)            Turns: 16595, Time: 00:28:54

Health: -4/112     AC: 22    Str: 24    XL:     12   Next: 6%
Magic:  22/22      EV:  7    Int: 13    God:    Gozag
Gold:   296        SH: 10    Dex: 10    Spells: 11/11 levels left

rFire   . . .      SeeInvis +   a - +0 war axe
rCold   . . .      Faith    .   L - +4 buckler of Narcissism {SInv}
rNeg    + . .      Spirit   .   x - +1 plate armour
rPois   .          Reflect  .   A - +3 hat of Pondering {ponderous, Will+ MP+10 Int+5}
rElec   .          Harm     .   (no cloak)
rCorr   .          Rampage  .   e - +2 pair of gloves
Will    ++...                   (no boots)
Stlth   ..........              l - amulet of magic regeneration
HPRegen 0.28/turn               g - ring of positive energy
MPRegen 0.58/turn               o - ring of willpower

@: gold aura, slowed, very slow
A: no striking features
a: Renounce Religion, Potion Petition, Call Merchant, Bribe Branch


You were on level 11 of the Dungeon.
You worshipped Gozag.
Gozag was aware of your devotion.
You visited 1 branch of the dungeon, and saw 11 of its levels.

You collected 1930 gold pieces.
You spent 988 gold pieces at shops.
You paid 646 gold pieces to Gozag.

Inventory:

Hand Weapons
 a - a +0 war axe (weapon)
Missiles
 n - 4 boomerangs of dispersal (quivered)
 p - 16 poisoned darts
 t - a throwing net
Armour
 e - a +2 pair of gloves (worn)
 w - a +2 ring mail of cold resistance
 x - a +1 plate armour (worn)
 A - the +3 hat of Pondering (worn) {ponderous, Will+ MP+10 Int+5}
   (You took it off Gastronok on level 8 of the Dungeon)

   Int:       It affects your intelligence (+5).
   MP:        It affects your magic capacity (+10).
   Will:      It increases your willpower.
 L - the +4 buckler of Narcissism (worn) {SInv}
   (You bought it in a shop on level 8 of the Dungeon)

   SInv:      It lets you see invisible.
Jewellery
 b - a ring of protection from cold
 g - a ring of positive energy (left hand)
 j - a ring of protection from cold
 l - an amulet of magic regeneration (around neck)
 o - a ring of willpower (right hand)
Wands
 m - a wand of polymorph (10)
 s - a wand of iceblast (2)
 z - a wand of digging (6)
 C - a wand of paralysis (6)
 I - a wand of flame (6)
Scrolls
 c - a scroll of teleportation
 i - a scroll of fear
 B - a scroll of silence
 E - 2 scrolls of butterflies
 F - a scroll of enchant armour
Potions
 d - 2 potions of might
 f - 2 potions of curing
 h - a potion of heal wounds
 k - 3 potions of ambrosia
 q - a potion of haste
 r - 2 potions of attraction
 u - a potion of mutation
 v - a potion of resistance
 G - 2 potions of flight
 K - a potion of cancellation


   Skills:
 + Level 12.0 Fighting
 + Level 12.7 Axes
 + Level 11.0 Armour
 + Level 11.0 Shields


You had 11 spell levels left.
You didn't know any spells.
Your spell library contained the following spells:

 Spells                   Type           Power      Damage    Failure   Level
 Apportation              Tloc           0%         N/A       98%         1
 Beastly Appendage        Tmut           0%         N/A       98%         1
 Freeze                   Ice            0%         1d3       98%         1
 Necrotise                Necr           0%         1d4       98%         1
 Summon Small Mammal      Summ           0%         N/A       98%         1
 Static Discharge         Conj/Air       0%         3-3/arc   99%         2
 Wereblood                Tmut           0%         N/A       99%         2
 Confusing Touch          Hex            0%         N/A       100%        3
 Dazzling Flash           Conj/Hex       0%         N/A       100%        3
 Frozen Ramparts          Ice            0%         1d1       100%        3
 Ignite Poison            Fire/Tmut/Pois 0%         N/A       100%        3
 Mephitic Cloud           Conj/Pois/Air  0%         N/A       100%        3
 Spider Form              Tmut/Pois      0%         N/A       100%        3
 Dispel Undead            Necr           0%         3d6       100%        4
 Hailstorm                Conj/Ice       0%         3d3       100%        4
 Ice Form                 Ice/Tmut       0%         N/A       100%        4
 Iskenderun's Mystic Bla  Conj/Tloc      0%         2d3       100%        4
 Sticky Flame             Conj/Fire      0%         2d3       100%        4
 Summon Ice Beast         Ice/Summ       0%         N/A       100%        4
 Freezing Cloud           Conj/Ice/Air   0%         6-21      100%        5
 Summon Mana Viper        Hex/Summ       0%         N/A       100%        5
 Yara's Violent Unravell  Hex/Tmut       0%         3d3       100%        5
 Starburst                Conj/Fire      0%         6d3       100%        6
 Enfeeble                 Hex            0%         N/A       100%        7
 Monstrous Menagerie      Summ           0%         N/A       100%        7


Dungeon Overview and Level Annotations

Branches:
Dungeon (11/15)            Temple (0/1) D:6
   Lair: D:8-11         Orc: D:9-12

Altars:
Elyvilon
Fedhas
Gozag
Makhleb
Nemelex Xobeh
Ru
Trog
Uskayaw

Shops:
D:5 (   D:8 [   D:9 *

Annotations:
D:5 3 runed translucent doors, sapoq's ghost, amateur MiBe


Message History

The polar bear is almost dead.
You barely miss the freezing wraith. You hit the centaur warrior simulacrum.
The centaur warrior simulacrum hits you but does no damage.
The centaur warrior simulacrum kicks you but does no damage.
The freezing wraith barely misses you.
The freezing wraith hits you but does no damage.
You block the polar bear's attack.
The polar bear claws you but does no damage.
The polar bear closely misses you.
The centaur warrior simulacrum hits you but does no damage.
The centaur warrior simulacrum kicks you but does no damage.
You block the freezing wraith's attack.
The freezing wraith hits you but does no damage.
You slice the polar bear!!
You kill the polar bear!
You barely miss the freezing wraith.
You hit the centaur warrior simulacrum but do no damage.
You block the centaur warrior simulacrum's attack.
The centaur warrior simulacrum closely misses you.
The freezing wraith hits you! The freezing wraith freezes you!
The freezing wraith hits you!
* * * LOW HITPOINT WARNING * * *
The freezing wraith drains your vigour!
You feel as though you will be slow longer.
You slash the centaur warrior simulacrum!
The centaur warrior simulacrum is severely damaged.
You hit the freezing wraith. You barely miss the polar bear.
The centaur warrior simulacrum barely misses you.
The centaur warrior simulacrum kicks you.
* * * LOW HITPOINT WARNING * * *
The centaur warrior simulacrum freezes you!!
* * * LOW HITPOINT WARNING * * *
A rime drake comes into view.
The polar bear completely misses you. You block the polar bear's attack.
The polar bear claws you but does no damage.
The freezing wraith hits you.
* * * LOW HITPOINT WARNING * * *
The freezing wraith freezes you!
You die...
Your body crumbles into a pile of gold.

#... #...# #..#
#...#...# #..#
h.#...#...# #..#
[.W.8.k...# #..#
.Z#...#...####..########
#.. #.................
#.. #...####..........
... #hW.# #.......... ..
#@Z.# #...####### .
#...# #...# #...# #...#
#...# #...# ....# #...#
##### #####


You could see a polar bear, a freezing wraith, a rime drake (wandering) and a
centaur warrior simulacrum.

Vanquished Creatures
  Gastronok (D:8)
  A boulder beetle (D:7)
  A two-headed ogre (D:9)
  A cyclops (D:10)
  4 orange demons (D:10)
  A gargoyle (D:10)
  3 red devils (D:10)
  A polar bear (D:11)
  Prince Ribbit (D:7)
  A vampire (D:10)
  Sigmund (D:3)
  A shadow (D:10)
  2 wraiths (D:9)
  2 wyverns
  16 yaks
  2 steam dragons
  Menkaure (D:6)
  3 water moccasins
  3 orc warriors
  2 ice beasts
  A sky beast (D:6)
  2 black bears
  2 ogres
  6 centaurs
  A phantom (D:5)
  2 kobold brigands
  Blork the orc (D:5)
  3 bullfrogs
  A gnoll sergeant (D:5)
  5 scorpions
  10 wights
  11 killer bees
  2 howler monkeys
  4 electric eels
  A gnoll bouda (D:5)
  5 jellies
  4 hounds
  4 orc priests
  Ijyb (D:3)
  Jessica (D:2)
  3 iguanas
  5 orc wizards
  10 gnolls (D:5)
  6 adders
  2 white imps
  2 ufetubi
  A worm (D:2)
  2 dart slugs
  20 orcs
  7 endoplasms
  4 giant cockroaches
  6 hobgoblins
  7 jackals
  4 quokkas
  3 ball pythons
  6 bats
  4 frilled lizards
  2 goblins
  8 kobolds
  6 rats
223 creatures vanquished.

Vanquished Creatures (others)
  An unseen horror (D:10)
  A black bear (D:6)
  A white imp (D:8)
  An orc (D:8)
  3 plants (D:1)
7 creatures vanquished.

Grand Total: 230 creatures vanquished

Notes
Turn   | Place    | Note
-------+----------+-------------------------------------------
     0 | D:1      | p00ps00p the Hill Orc Fighter began the quest for the Orb.
     0 | D:1      | Reached XP level 1. HP: 19/19 MP: 1/1
   281 | D:1      | Reached XP level 2. HP: 27/27 MP: 2/2
   744 | D:1      | Reached XP level 3. HP: 33/33 MP: 3/3
  1411 | D:2      | Noticed Jessica
  1418 | D:2      | Killed Jessica
  1419 | D:2      | Reached XP level 4. HP: 34/41 MP: 4/4
  1512 | D:2      | Found a faded altar of an unknown god.
  2127 | D:3      | Noticed Sigmund
  2140 | D:3      | Killed Sigmund
  2141 | D:3      | Reached skill level 5 in Fighting
  2141 | D:3      | Reached XP level 5. HP: 42/48 MP: 5/5
  2141 | D:3      | Reached XP level 6. HP: 49/56 MP: 6/6
  2333 | D:3      | Noticed Ijyb
  2360 | D:3      | Killed Ijyb
  3296 | D:4      | Reached skill level 5 in Axes
  3422 | D:4      | Reached skill level 5 in Armour
  3478 | D:4      | Found an opulent altar of Gozag.
  3491 | D:4      | Became a worshipper of Gozag Ym Sagoz the Greedy
  3554 | D:4      | Found a sparkling altar of Nemelex Xobeh.
  3577 | D:4      | Found a bloodstained altar of Trog.
  3786 | D:4      | Identified the +7 short sword "Dargh" {vorpal, Int+4 SInv}
  4064 | D:4      | Reached skill level 5 in Shields
  4064 | D:4      | Reached XP level 7. HP: 4/62 MP: 7/7
  4454 | D:5      | Entered Level 5 of the Dungeon
  4542 | D:5      | Found Pehik's Antique Weapon Shop.
  4630 | D:5      | Found a sacrificial altar of Ru.
  4648 | D:5      | Found a runed translucent gate.
  4649 | D:5      | Found a runed translucent gate.
  4650 | D:5      | Found a runed translucent gate.
  4652 | D:5      | Noticed sapoq's ghost (amateur MiBe)
  4890 | D:5      | Reached XP level 8. HP: 25/71 MP: 8/8
  5337 | D:5      | Noticed Blork the orc
  5344 | D:5      | Killed Blork the orc
  6225 | D:6      | Reached XP level 9. HP: 41/80 MP: 9/9
  6496 | D:6      | Found a staircase to the Ecumenical Temple.
  6791 | D:6      | Noticed Menkaure
  6801 | D:6      | Killed Menkaure
  8020 | D:7      | Noticed Prince Ribbit
  8063 | D:7      | Killed Prince Ribbit
  8305 | D:7      | Noticed a gargoyle
  8305 | D:7      | Noticed a five-headed hydra
  8305 | D:7      | Noticed a boulder beetle
  8305 | D:7      | Noticed an eight-headed hydra
  8661 | D:7      | Reached XP level 10. HP: 79/91 MP: 10/10
  8907 | D:7      | Killed a boulder beetle
  9503 | D:8      | Reached skill level 10 in Axes
 10462 | D:8      | Reached skill level 10 in Fighting
 10784 | D:8      | Identified the +1 robe "Doudd" {rElec rC+ rN+}
 10797 | D:8      | Found a hide-covered altar of Uskayaw.
 11453 | D:8      | Noticed Gastronok
 11490 | D:8      | Killed Gastronok
 11491 | D:8      | Reached XP level 11. HP: 51/101 MP: 11/11
 12141 | D:9      | Noticed a two-headed ogre
 12149 | D:9      | Killed a two-headed ogre
 12549 | D:9      | Found Sypoi's Assorted Antiques.
 12581 | D:9      | Bought 2 scrolls labelled KOXUIPEIHU for 48 gold pieces
 12581 | D:9      | Bought a scroll of identify for 48 gold pieces
 12581 | D:9      | Bought a scroll of enchant armour for 180 gold pieces
 12581 | D:9      | Bought a blue potion for 21 gold pieces
 12581 | D:9      | Bought a forked gold wand for 96 gold pieces
 12581 | D:9      | Bought a scroll labelled POTHUI WUVEROS for 24 gold pieces
 12603 | D:9      | Reached skill level 10 in Armour
 12618 | D:9      | Reached skill level 10 in Shields
 13777 | D:10     | Entered Level 10 of the Dungeon
 14322 | D:10     | Found a blossoming altar of Fedhas.
 14350 | D:10     | Found a white marble altar of Elyvilon.
 14973 | D:10     | Found a burning altar of Makhleb.
 15329 | D:10     | Noticed a cyclops
 15656 | D:8      | Bought the +4 buckler of Narcissism {SInv} for 571 gold
                  | pieces
 15841 | D:10     | Killed a cyclops
 15853 | D:10     | Reached XP level 12. HP: 112/112 MP: 12/12
 16595 | D:11     | Slain by a freezing wraith

Illustrated notes

Levels and vault maps discovered:
D:1:      evilmike_arrival_hilbert_curve, layout_basic,
          dreamdust_princess_bridge, hangedman_decor_clover_reticule,
          skrybe_limestone_x, minmay_misc_feat_iff,
          chequers_serial_rivers_small_b, chequers_big_river
D:2:      layout_basic, shapermc_ecumenical_altar_venn, grunt_decor_resistance,
          kennysheep_path_1, minmay_puff, uniq_jessica
D:3:      layout_loops_ring, uniq_ijyb, uniq_sigmund
D:4:      layout_basic, mainiacjoe_overflow_tiny_flanked,
          nemelex_diamond_rough_becter, grunt_gozag_breadcrumbs
D:5:      layout_basic, nicolae_ru_path_of_blood, serial_shops, shop,
          gammafunk_ghost_split, uniq_blork_the_orc
D:6:      layout_loops_ring, minmay_temple_entry_wispy, kennysheep_dice,
          uniq_menkaure
D:7:      minmay_the_grid_four_pointed_star
          [minmay_the_grid_triangle_9x9_minimal,
          minmay_the_grid_triangle_9x9_skeleton,
          minmay_the_grid_triangle_9x9_fully_insulated_deathbox,
          minmay_the_grid_triangle_9x9_sparse_checkered,
          minmay_the_grid_prize_shrinking_boxes], layout_cave_pods,
          vehumet_crystals, zin_angel, mainiacjoe_overflow_catwalk_spiral,
          lemuel_blue_sif_altar, uniq_prince_ribbit1
D:8:      layout_basic, nicolae_uskayaw_suspiria, uniq_gastronok
D:9:      layout_loops_corners, serial_shops, shop
D:10:     kennysheep_ambush_hall, layout_basic, elyvilon_altar_3,
          fedhas_altar_2, mainiacjoe_overflow_alcove_2, serial_rivers,
          chequers_serial_rivers_small_b, chequers_serial_rivers_large_a,
          chequers_serial_rivers_small_3, chequers_serial_rivers_large_b,
          chequers_serial_rivers_small_b, minmay_beelzebubs_servants
D:11:     minmay_coctagon, layout_small_grid, lair_entry_dummy,
          kennysheep_orc_monster_closet_entryway, gauntlet_entry_generic,
          david_greed

Skill      XL: |  1  2  3  4  5  6  7  8  9 10 11 12 |
---------------+-------------------------------------+-----
Axes           | 3 4 5 6 7 9 11 12 | 12.7
Fighting       | 4 5 6 7 9 10 11 12 | 12.0
Armour         | 4 5 7 8 9 10 11 | 11.0
Shields        | 4 5 6 8 9 10 11 | 11.0

Action                   |  1- 3 |  4- 6 |  7- 9 | 10-12 || total
-------------------------+-------+-------+-------+-------++-------
Melee: War axe           |    71 |   111 |   291 |   440 ||   913
       Unarmed           |       |    24 |       |       ||    24
Throw: Dart              |       |       |       |     5 ||     5
Invok: Call Merchant     |       |       |       |     1 ||     1
Evoke: Wand              |       |     3 |     9 |    13 ||    25
  Use: Scroll            |       |     7 |     8 |    10 ||    25
       Potion            |       |       |       |     4 ||     4
 Stab: Distracted        |       |       |     1 |       ||     1
Armor: Scale mail        |    63 |    59 |       |       ||   122
       Chain mail        |       |    27 |   136 |       ||   163
       Plate armour      |       |       |   104 |   341 ||   445
Dodge: Dodged            |    40 |    82 |   126 |   186 ||   434
Block: Buckler           |    21 |    40 |    97 |   171 ||   329
